 Dungeon Crawl Stone Soup version 0.27-a0-412-g8dd771e (webtiles) character file.

Game seed: 11497348292680653943

372 Sixotanaka the Grave Robber (level 6, -1/49 HPs)
             Began as a Deep Dwarf Necromancer on Feb 23, 2021.
             Shot with an arrow by a centaur (9 damage)
             ... on level 5 of the Dungeon.
             The game lasted 00:18:24 (5978 turns).

Sixotanaka the Grave Robber (DDNe)                  Turns: 5978, Time: 00:18:24

Health: -1/49      AC:  3    Str: 11    XL:     6   Next: 43%
Magic:  10/10      EV: 14    Int: 17    God:
Gold:   237        SH:  0    Dex: 14    Spells: 6/11 levels left

rFire    + . .     SeeInvis .   c - +0 short sword
rCold    . . .     Faith    .   (no shield)
rNeg     . . .     Spirit   .   a - +0 robe
rPois    .         Reflect  .   (no helmet)
rElec    .         Harm     .   (no cloak)
rCorr    .         Rampage  .   (no gloves)
Will     .....                  r - +0 pair of boots
Stlth    ++........             (no amulet)
HPRegen  0.00/turn              i - ring of protection from fire
MPRegen  0.12/turn              (no ring)

@: non-regenerating
A: damage resistance, heal wounds, sense surroundings 1, no regeneration
a: Heal Wounds


You were on level 5 of the Dungeon.
You visited 1 branch of the dungeon, and saw 5 of its levels.

You collected 237 gold pieces.


Innate Abilities, Weirdness & Mutations

You are resistant to damage.
You can heal yourself by infusing magical energy.
You passively map a small area around you.
You do not regenerate.


   Skills:
 - Level 4.0 Dodging
 - Level 2.4 Stealth
 + Level 3.0 Spellcasting
 + Level 7.0 Necromancy


You had 6 spell levels left.
You knew the following spells:

 Your Spells              Type           Power        Failure   Level
a - Pain                  Necr           100%         1%          1
b - Vampiric Draining     Necr           13%          2%          3
c - Animate Skeleton      Necr           52%          1%          1

Your spell library contained the following spells:

 Spells                   Type           Power        Failure   Level
 Animate Dead             Necr           13%          10%         4
 Agony                    Necr           26%          26%         5


Dungeon Overview and Level Annotations

Branches:
Dungeon (5/15)
 Temple: D:4-7

Altars:
Vehumet

Annotations:
D:5 Pikel

Inventory:

Hand Weapons
 c - a +0 short sword (weapon)
   (You took it off a kobold on level 1 of the Dungeon)
Missiles
 p - 3 curare-tipped darts
 u - 21 poisoned darts
Armour
 a - a +0 robe (worn)
 r - a +0 pair of boots (worn)
   (You found it on level 2 of the Dungeon)
 A - a scarf of shadows
   (You found it on level 5 of the Dungeon)
Jewellery
 e - a ring of willpower {unknown}
   (You found it on level 5 of the Dungeon)
 i - a ring of protection from fire (left hand)
   (You found it on level 1 of the Dungeon)
 j - a ring of positive energy {unknown}
   (You found it on level 2 of the Dungeon)
Wands
 o - a wand of polymorph (9)
   (You found it on level 2 of the Dungeon)
 t - a wand of mindburst (5)
   (You found it on level 3 of the Dungeon)
Scrolls
 g - a scroll of magic mapping {unknown}
 h - 4 scrolls of teleportation {@r4}
 l - a scroll of enchant weapon {unknown}
 m - 2 scrolls of fear {unknown}
 y - a scroll of enchant armour {unknown}
Potions
 b - 2 potions of lignification {!q}
 d - a potion of ambrosia {unknown}
 f - 2 potions of might {unknown}
 k - a potion of resistance {unknown}
 n - a potion of degeneration {unknown}
 q - a potion of heal wounds {unknown}
 s - a potion of berserk rage {unknown}
 v - 5 potions of brilliance
 w - a potion of curing {unknown}
 x - a potion of magic {unknown}
 z - a potion of flight {unknown}

**........K.........
##..................
#................... #.#
#...#..!....... #.#
#.#............ ####.#
#.###.......... ##....#
#.#.5..........
##########..#######.#............
#..........####.@......##..#.....
#<..........[...###.##.c>.####...
#....................5..#######..
###########.........K...##...>###
###########........5....##.......
#.......................##.......
#.............................###
#................................
#.......................#########


You could see a centaur.


Message History

You barely miss the lemure. The lemure closely misses you.
You hit the lemure. The lemure closely misses you.
You miss the lemure. The lemure hits you but does no damage.
You hit the lemure but do no damage. The lemure barely misses you.
You barely miss the lemure. The lemure hits you.
You hit the lemure. The lemure barely misses you.
You hit the lemure but do no damage. The lemure closely misses you.
You closely miss the lemure. The lemure barely misses you.
You hit the lemure. The lemure hits you! The lemure closely misses you.
You barely miss the lemure. The lemure hits you.
You hit the lemure but do no damage. The lemure hits you.
You barely miss the lemure. The lemure closely misses you.
You closely miss the lemure. The lemure hits you!
* * * LOW HITPOINT WARNING * * *
You closely miss the lemure. The lemure hits you!
* * * LOW HITPOINT WARNING * * *
You hit the lemure but do no damage. The lemure barely misses you.
The lemure barely misses you.
You open the door. The lemure completely misses you.
There is an open door here.
There is an open door here.
The lemure hits you!
* * * LOW HITPOINT WARNING * * *
The lemure enters a dispersal trap!
You blink.
The lemure blinks!
The lemure enters a dispersal trap!
You blink.
The lemure blinks!
There is a stone staircase leading up here.
You climb upwards.
There is a stone staircase leading down here.
There is a large open door here.
There is a large open door here.
There is a stone staircase leading down here.
You climb downwards.
There is a stone staircase leading up here.
You open the door.
There is an open door here.
There is an open door here.
There is an open door here.
There is a stone staircase leading down here.
You climb downwards.
Level annotation: Pikel
There is a stone staircase leading up here.
You see here a leather armour.
A centaur is nearby!
The lemure shouts!
Pikel zaps a wand.
The puff of flame hits you. You resist.
* * * LOW HITPOINT WARNING * * *
Pikel says, "You'll make a fine lemure."
The centaur wields a +0 shortbow.
The centaur shoots an arrow.
The arrow hits you!
You die...

Levels and vault maps discovered:
D:1:      roderic_octagonal_star, layout_basic, amethyst_killhole
D:2:      layout_rooms, wad_floor_pattern_untrapped
D:3:      layout_basic, fiery_altar_vehumet
D:4:      layout_gridville, uniq_ijyb
D:5:      layout_rooms, minmay_temple_entry_purple_smoke,
          corexii_hall_statues_x, uniq_pikel

Vanquished Creatures
  A howler monkey (D:2)
  A hound (D:4)
  Ijyb (D:4)
  3 orc wizards
  2 worker ants (D:4)
  2 gnolls (D:3)
  4 adders
  An ooze (D:2)
  A worm (D:2)
  6 dart slugs
  4 leopard geckos
  6 orcs
  2 ball pythons (D:3)
  7 bats
  7 giant cockroaches
  4 goblins
  4 hobgoblins
  6 jackals (D:1)
  10 kobolds
  A quokka (D:2)
  5 frilled lizards
  6 rats
84 creatures vanquished.

Vanquished Creatures (others)
  A gnoll (D:3)
  2 orcs (D:3)
3 creatures vanquished.

Grand Total: 87 creatures vanquished

Table legend: (Time is in decaauts)
 A = Elapsed time spent in this place.
 B = Non-inter-level travel time spent in this place.
 C = Inter-level travel time spent in this place.
 D = Time resting spent in this place.
 E = Time spent auto-exploring this place.
 F = Levels seen in this place.
 G = Mean time per level.
                   A        B        C        D        E       F      G
               +--------+--------+--------+--------+--------+-----+--------+
         Total |   5995 |   5725 |    270 |   2383 |   1719 |   5 | 1199.0 |
       Dungeon |   5995 |   5725 |    270 |   2383 |   1719 |   5 | 1199.0 |
               +--------+--------+--------+--------+--------+-----+--------+

Top non-repeatable levels by time:
     D:1: 1665 daAuts
     D:3: 1517 daAuts
     D:4: 1464 daAuts
     D:2: 1067 daAuts
     D:5: 281 daAuts

Table legend:
 A = Kills in this place as a percentage of kills in entire the game.
 B = Kills by you in this place as a percentage of kills by you in the entire game.
 C = Kills by friends in this place as a percentage of kills by friends in the entire game.
 D = Other kills in this place as a percentage of other kills in the entire game.
 E = Experience gained in this place as a percentage of experience gained in the entire game.
 F = Experience gained in this place divided by the number of levels of this place that you have seen.
                   A       B       C       D       E      F
               +-------+-------+-------+-------+-------+----------------------
         Total | 100.0 | 100.0 |   N/A |   N/A | 100.0 | 106.4
       Dungeon | 100.0 | 100.0 |   N/A |   N/A | 100.0 | 106.4
               +-------+-------+-------+-------+-------+----------------------

Notes
Turn   | Place    | Note
-------+----------+-------------------------------------------
     0 | D:1      | Sixotanaka the Deep Dwarf Necromancer began the quest for
                  | the Orb.
     0 | D:1      | Reached XP level 1. HP: 15/15 MP: 3/3
   296 | D:1      | Reached XP level 2. HP: 19/22 MP: 2/4
   676 | D:1      | Reached skill level 3 in Dodging
   814 | D:1      | Reached XP level 3. HP: 15/28 MP: 2/5
   849 | D:1      | Learned a level 3 spell: Vampiric Draining
   851 | D:1      | Learned a level 1 spell: Animate Skeleton
   870 | D:1      | Reached skill level 5 in Necromancy
  2184 | D:2      | Reached skill level 6 in Necromancy
  2184 | D:2      | Reached XP level 4. HP: 13/36 MP: 1/6
  2671 | D:3      | Found a radiant altar of Vehumet.
  3536 | D:3      | HP: 4/36 [something/puff of flame (7)]
  3539 | D:3      | Reached skill level 2 in Spellcasting
  3539 | D:3      | Reached XP level 5. HP: 3/42 MP: 1/8
  4206 | D:4      | Reached skill level 4 in Dodging
  4570 | D:4      | Reached XP level 6. HP: 40/49 MP: 2/9
  5037 | D:4      | Noticed Ijyb
  5044 | D:4      | Killed Ijyb
  5045 | D:4      | Reached skill level 7 in Necromancy
  5428 | D:4      | Reached skill level 3 in Spellcasting
  5563 | D:5      | Entered Level 5 of the Dungeon
  5797 | D:5      | Noticed Pikel
  5863 | D:4      | HP: 12/49 [lemure[Pikel] (4)]
  5976 | D:5      | HP: 8/49 [Pikel/puff of flame (4)]
  5978 | D:5      | Shot with an arrow by a centaur

Action                   |  1- 3 |  4- 6 || total
-------------------------+-------+-------++-------
Melee: Club              |     4 |       ||     4
       Short sword       |    30 |    66 ||    96
       Unarmed           |     1 |       ||     1
 Cast: Pain              |    77 |    17 ||    94
       Animate Skeleton  |     5 |     4 ||     9
       Vampiric Draining |       |    48 ||    48
Evoke: Wand              |       |     1 ||     1
  Use: Scroll            |     1 |     5 ||     6
 Stab: Sleeping          |       |     1 ||     1
Armor: Robe              |    10 |    13 ||    23
Dodge: Dodged            |    49 |    78 ||   127
